 Dungeon Crawl Stone Soup version 0.28-a0-1312-g71652a0310 (webtiles) character file.

Game seed: 5237610775440331989

18 rogsnak the Gusty (level 2, -10/19 HPs)
             Began as a Demonspawn Air Elementalist on Dec 27, 2021.
             Mangled by a gnoll (12 damage)
             ... on level 2 of the Dungeon.
             The game lasted 00:01:40 (1688 turns).

rogsnak the Gusty (Demonspawn Air Elementalist)     Turns: 1688, Time: 00:01:41

Health: -10/19     AC:  2    Str:  8    XL:     2   Next: 51%
Magic:  5/5        EV: 12    Int: 16    God:
Gold:   42         SH:  0    Dex: 13    Spells: 4/5 levels left

rFire   . . .      SeeInvis .   b - +0 short sword
rCold   . . .      Faith    .   (no shield)
rNeg    . . .      Spirit   .   a - +0 robe
rPois   .          Reflect  .   (no helmet)
rElec   .          Harm     .   (no cloak)
rCorr   .          Rampage  .   (no gloves)
Will    .....                   (no boots)
Stlth   ++........              (no amulet)
HPRegen 0.06/turn               (no ring)
MPRegen 0.09/turn               (no ring)

@: no status effects
A: powered by pain 1
a: no special abilities


You were on level 2 of the Dungeon.
You visited 1 branch of the dungeon, and saw 2 of its levels.

You collected 42 gold pieces.

Inventory:

Hand Weapons
 b - a +0 short sword (weapon)
Armour
 a - a +0 robe (worn)
Jewellery
 f - a ring of see invisible
Scrolls
 c - a scroll of blinking {unknown}
 d - a scroll of identify {unknown}
Potions
 e - 2 potions of brilliance {unknown}
 g - a potion of curing {unknown}


   Skills:
 + Level 0.1 Fighting
 + Level 1.8 Dodging
 - Level 1.7 Stealth
 + Level 2.3 Spellcasting
 * Level 1.4 Conjurations
 + Level 3.0 Air Magic


You had 4 spell levels left.
You knew the following spells:

 Your Spells              Type           Power      Damage    Failure   Level
a - Shock                 Conj/Air       36%        1d5       8%          1

Your spell library contained the following spells:

 Spells                   Type           Power      Damage    Failure   Level
 Static Discharge         Conj/Air       9%         N/A       12%         2
 Swiftness                Air            11%        N/A       17%         3
 Airstrike                Air            5%         N/A       50%         4
 Borgnjor's Revivificati  Necr           0%         N/A       100%        8
 Necromutation            Tmut/Necr      0%         N/A       100%        8
 Death's Door             Necr           0%         N/A       100%        9


Dungeon Overview and Level Annotations

Branches:
Dungeon (2/15)

Altars:


Innate Abilities, Weirdness & Mutations

You sometimes gain a little power by taking damage.


Message History

Confirm with . or Enter, or press ? or * to list all spells.
Aiming: Shock (safe; 8% risk of failure)
Press: ? - help, Shift-Dir - straight line, f/p - gnoll
Aim: a gnoll, wielding a +0 halberd (moderately wounded, 72% to hit)
The zap hits the gnoll.
The gnoll is heavily wounded.
The zap hits the adder.
The adder is heavily wounded.
The zap hits the gnoll.
The gnoll is moderately wounded.
The gnoll barely misses you.
Casting: Shock (safe; 8% risk of failure)
Confirm with . or Enter, or press ? or * to list all spells.
Aiming: Shock (safe; 8% risk of failure)
Press: ? - help, Shift-Dir - straight line, f/p - gnoll
Aim: a gnoll, wielding a +0 halberd (heavily wounded, 72% to hit)
You miscast Shock.
You are very lightly contaminated with residual magic.
Nothing appears to happen.
The gnoll hits you from afar with a +0 halberd!
Unknown command.
Casting: Shock (safe; 8% risk of failure)
Confirm with . or Enter, or press ? or * to list all spells.
Aiming: Shock (safe; 8% risk of failure)
Press: ? - help, Shift-Dir - straight line, f/p - gnoll
Aim: a gnoll, wielding a +0 halberd (heavily wounded, 72% to hit)
The zap hits the gnoll but does no damage.
The gnoll is heavily wounded.
The zap hits the adder.
The adder is almost dead.
The zap hits the gnoll.
The gnoll is heavily wounded.
The gnoll hits you from afar with a +0 halberd!
Ouch! That really hurt!
* * * LOW HITPOINT WARNING * * *
You focus on the pain.
You feel your power returning.
Your magical contamination has completely faded away.
The gnoll hits you from afar with a +0 halberd!
Ouch! That really hurt!
You die...

#......#...#
#....†.#...#
#.(....#...#
#.....##...#
#####S##...#
###..#.##...#
#.g..#.##...#
#.#.##.##...#
#@#..g......#
#.###########
#.# #.# #.#
#######.#
#.......#
#.#######
#...#


You could see a gnoll.

Vanquished Creatures
  2 endoplasms
  2 giant cockroaches (D:1)
  A goblin (D:1)
  5 hobgoblins (D:1)
  3 kobolds (D:1)
  A bat (D:2)
  A frilled lizard (D:1)
15 creatures vanquished.

Notes
Turn   | Place    | Note
-------+----------+-------------------------------------------
     0 | D:1      | rogsnak the Demonspawn Air Elementalist began the quest for
                  | the Orb.
     0 | D:1      | Reached XP level 1. HP: 13/13 MP: 3/3
   155 | D:1      | Found a faded altar of an unknown god.
   740 | D:1      | Gained mutation: You sometimes gain a little power by
                  | taking damage. [demonic ancestry]
   740 | D:1      | Reached XP level 2. HP: 19/19 MP: 0/5
  1063 | D:1      | Reached skill level 3 in Air Magic
  1688 | D:2      | Mangled by a gnoll

Illustrated notes

Levels and vault maps discovered:
D:1:      minmay_arrival_doors, layout_basic,
          hellmonk_ecumenical_altar_pennies_from_heaven
D:2:      layout_basic

Skill      XL: |  1  2 |
---------------+-------+-----
Air Magic      | 3 |  3.0
Fighting       | |  0.1
Dodging        | |  1.8
Stealth        | |  1.7
Spellcasting   | |  2.3
Conjurations   | |  1.4

Action                   || total
-------------------------++-------
Melee: Short sword       ||    22
       Unarmed           ||     2
 Cast: Shock             ||    39
Armor: Robe              ||     5
Dodge: Dodged            ||    15

Table legend: (Time is in decaauts)
 A = Elapsed time spent in this place.
 B = Non-inter-level travel time spent in this place.
 C = Inter-level travel time spent in this place.
 D = Time resting spent in this place.
 E = Time spent auto-exploring this place.
 F = Levels seen in this place.
 G = Mean time per level.
                   A        B        C        D        E       F      G
               +--------+--------+--------+--------+--------+-----+--------+
         Total |   1690 |   1662 |     28 |    120 |   1374 |   2 |  845.0 |
       Dungeon |   1690 |   1662 |     28 |    120 |   1374 |   2 |  845.0 |
               +--------+--------+--------+--------+--------+-----+--------+

Top non-repeatable levels by time:
     D:1: 1495 daAuts
     D:2: 194 daAuts
